2927 views
Uploaded 2020-05-27 04:06:30
Game version 1.32.4 / 1.32.5
17:19 long 1on1 custom game on (2)TerenasStand_LV
Game name "W3Champions-20-73505"
Saved by SnowE
2927 views
Uploaded 2020-05-27 04:06:30
Game version 1.32.4 / 1.32.5
17:19 long 1on1 custom game on (2)TerenasStand_LV
Game name "W3Champions-20-73505"

34 units @ 5.9k
/ 0.7k
14 buildings @ 2.3k
/ 0.7k


| Healing Salve | 5 | 500 |
| Lesser Clarity Potion | 5 | 350 |
| Scroll of Speed | 2 | 100 |
| Potion of Mana | 1 | 200 |
| Scroll of Healing | 3 | 750 |
| Scroll of Town Portal | 3 | 1050 |
| Potion of Lesser Invulnerability | 2 | 300 |
| total: | 21 | 3250g |
| Peon | 8 | 600 | / | 0 |
| Grunt | 11 | 2200 | / | 0 |
| Raider | 6 | 1080 | / | 240 |
| Spirit Walker | 5 | 975 | / | 175 |
| Kodo Beast | 4 | 1020 | / | 240 |
| total: | 34 | 5875g | / | 655w |
| Altar of Storms | 1 | 180 | / | 50 |
| Orc Burrow | 6 | 960 | / | 240 |
| Barracks | 1 | 180 | / | 50 |
| Voodoo Lounge | 1 | 130 | / | 30 |
| War Mill | 3 | 615 | / | 0 |
| Beastiary | 1 | 145 | / | 140 |
| Tauren Totem | 1 | 135 | / | 155 |
| Stronghold | 2 | 630 | / | 380 |
| total: | 14 | 2345g | / | 665w |
| 0:01 | Peon |
| 0:03 | Altar of Storms |
| 0:12 | Peon |
| 0:17 | Orc Burrow |
| 0:25 | Peon |
| 0:36 | Barracks |
| 0:44 | Peon |
| 0:54 | Peon |
| 1:10 | Peon |
| 1:27 | Voodoo Lounge |
| 1:37 | Grunt |
| 1:37 | Grunt |
| 1:49 | Orc Burrow |
| 1:58 | Peon |
| 1:58 | Peon |
| 2:44 | Healing Wave |
| 2:51 | Healing Salve |
| 2:53 | Stronghold |
| 3:06 | Grunt |
| 3:20 | Orc Burrow |
| 3:42 | War Mill |
| 3:48 | War Mill |
| 3:55 | Grunt |
| 4:18 | Hex |
| 4:25 | Grunt |
| 5:17 | Grunt |
| 5:45 | Beastiary |
| 5:55 | Cleaving Attack |
| 5:59 | Tauren Totem |
| 6:12 | Healing Wave |
| 6:36 | Healing Salve |
| 6:36 | Healing Salve |
| 6:43 | Lesser Clarity Potion |
| 6:47 | Berserker Strength |
| 6:51 | Raider |
| 7:15 | Spirit Walker |
| 7:17 | Orc Burrow |
| 7:22 | Ensnare |
| 7:35 | Howl of Terror |
| 7:39 | Potion of Lesser Invulnerability |
| 7:52 | War Mill |
| 7:53 | Spirit Walker Adept Training |
| 7:57 | Lesser Clarity Potion |
| 7:59 | Scroll of Speed |
| 8:27 | Raider |
| 8:37 | Spirit Walker |
| 9:07 | Kodo Beast |
| 9:10 | Steel Armor |
| 9:16 | Cleaving Attack |
| 9:22 | Orc Burrow |
| 9:49 | Scroll of Healing |
| 9:49 | Scroll of Healing |
| 10:50 | Grunt |
| 11:27 | Scroll of Town Portal |
| 11:27 | Scroll of Town Portal |
| 11:27 | Scroll of Town Portal |
| 11:42 | Raider |
| 11:50 | Lesser Clarity Potion |
| 11:52 | Healing Salve |
| 12:12 | Spirit Walker |
| 12:13 | Grunt |
| 12:15 | Orc Burrow |
| 12:47 | Healing Salve |
| 12:53 | Potion of Mana |
| 12:53 | Scroll of Speed |
| 13:03 | Potion of Lesser Invulnerability |
| 13:26 | Raider |
| 13:46 | Grunt |
| 14:03 | Scroll of Healing |
| 14:34 | Raider |
| 14:35 | Grunt |
| 15:20 | Howl of Terror |
| 15:27 | Hex |
| 15:37 | Grunt |
| 15:37 | Raider |
| 15:51 | Spirit Walker |
| 15:54 | Lesser Clarity Potion |
| 16:01 | Lesser Clarity Potion |
| 16:10 | Kodo Beast |
| 16:10 | Kodo Beast |
| 16:10 | Kodo Beast |
| 16:34 | Spirit Walker |
| Right click | 1400 |
| Select group | 1286 |
| Select | 764 |
| Build/train/purchase | 116 |
| Misc. action | 106 |
| Use ability | 83 |
| Assign group | 79 |
| Chat | 6 |
| Item give/drop | 3 |
| Esc | 2 |
29 units @ 4.9k
/ 0.6k
12 buildings @ 2.2k
/ 0.8k


| Healing Salve | 8 | 800 |
| Lesser Clarity Potion | 7 | 490 |
| Scroll of Speed | 3 | 150 |
| Potion of Mana | 1 | 200 |
| Scroll of Healing | 2 | 500 |
| Circlet of Nobility | 1 | 175 |
| Potion of Lesser Invulnerability | 3 | 450 |
| total: | 25 | 2765g |
| Peon | 7 | 525 | / | 0 |
| Grunt | 7 | 1400 | / | 0 |
| Raider | 6 | 1080 | / | 240 |
| Spirit Walker | 5 | 975 | / | 175 |
| Kodo Beast | 3 | 765 | / | 180 |
| Troll Headhunter | 1 | 140 | / | 20 |
| total: | 29 | 4885g | / | 615w |
| Altar of Storms | 1 | 180 | / | 50 |
| Orc Burrow | 5 | 800 | / | 200 |
| Barracks | 1 | 180 | / | 50 |
| Voodoo Lounge | 1 | 130 | / | 30 |
| War Mill | 1 | 205 | / | 0 |
| Great Hall | 1 | 385 | / | 185 |
| Beastiary | 1 | 145 | / | 140 |
| Tauren Totem | 1 | 135 | / | 155 |
| Stronghold | 1 | 315 | / | 190 |
| total: | 12 | 2160g | / | 810w |
| 0:01 | Peon |
| 0:05 | Altar of Storms |
| 0:10 | Peon |
| 0:17 | Orc Burrow |
| 0:24 | Peon |
| 0:34 | Barracks |
| 0:42 | Peon |
| 0:52 | Peon |
| 1:12 | Peon |
| 1:25 | Voodoo Lounge |
| 1:34 | Grunt |
| 1:40 | Peon |
| 2:06 | Wind Walk |
| 2:18 | Stronghold |
| 2:41 | Orc Burrow |
| 2:45 | Orc Burrow |
| 3:36 | Grunt |
| 3:51 | Grunt |
| 4:01 | Circlet of Nobility |
| 4:37 | Critical Strike |
| 4:43 | Beastiary |
| 4:48 | Tauren Totem |
| 4:51 | Healing Salve |
| 4:52 | Lesser Clarity Potion |
| 5:30 | Grunt |
| 5:36 | Healing Salve |
| 5:36 | Lesser Clarity Potion |
| 5:37 | Scroll of Speed |
| 5:38 | Hex |
| 5:46 | Raider |
| 5:46 | Ensnare |
| 6:02 | Spirit Walker |
| 6:02 | Spirit Walker Adept Training |
| 6:05 | Orc Burrow |
| 6:26 | Berserker Strength |
| 6:31 | War Mill |
| 6:50 | Raider |
| 7:11 | Spirit Walker |
| 7:36 | Healing Wave |
| 7:37 | Wind Walk |
| 7:38 | Potion of Lesser Invulnerability |
| 7:53 | Kodo Beast |
| 7:54 | Spirit Walker |
| 7:56 | Healing Salve |
| 7:56 | Healing Salve |
| 8:25 | Steel Armor |
| 9:09 | Orc Burrow |
| 9:17 | Healing Wave |
| 9:40 | Thorium Armor |
| 9:49 | Scroll of Healing |
| 9:49 | Potion of Lesser Invulnerability |
| 10:35 | Grunt |
| 10:37 | Kodo Beast |
| 10:37 | Spirit Walker |
| 11:36 | Grunt |
| 11:37 | Raider |
| 11:46 | Lesser Clarity Potion |
| 11:46 | Lesser Clarity Potion |
| 11:48 | Potion of Mana |
| 11:52 | Healing Salve |
| 12:05 | Raider |
| 12:18 | Troll Headhunter |
| 12:21 | Potion of Lesser Invulnerability |
| 12:31 | Scroll of Healing |
| 12:53 | Raider |
| 13:07 | Hex |
| 13:29 | Lesser Clarity Potion |
| 13:31 | Scroll of Speed |
| 13:33 | Healing Salve |
| 13:41 | Great Hall |
| 13:47 | Steel Melee Weapons |
| 14:32 | Critical Strike |
| 14:59 | Grunt |
| 15:00 | Kodo Beast |
| 15:01 | Spirit Walker |
| 15:50 | Raider |
| 16:00 | Thorium Melee Weapons |
| 16:12 | Lesser Clarity Potion |
| 16:13 | Healing Salve |
| 16:20 | Lesser Clarity Potion |
| 16:22 | Healing Salve |
| 16:31 | Scroll of Speed |
| Right click | 1113 |
| Select | 456 |
| Select group | 299 |
| Build/train/purchase | 120 |
| Use ability | 85 |
| Misc. action | 39 |
| Assign group | 23 |
| Item give/drop | 11 |
| Chat | 7 |
| Esc | 2 |